 Dungeon Crawl Stone Soup version 0.30-a0-591-g3c58d2bc28 (webtiles) character file.

Game seed: 6751341709740433698

35 Adrian566 the Slasher (level 3, -4/28 HPs)
             Began as a Demonspawn Gladiator on Jan 6, 2023.
             Slain by a gnoll
             ... wielding a +0 flail
              (12 damage)
             ... on level 1 of the Dungeon.
             The game lasted 00:00:59 (661 turns).

Adrian566 the Slasher (Demonspawn Gladiator)         Turns: 661, Time: 00:01:00

Health: -4/28      AC:  4    Str: 14    XL:     3   Next: 16%
Magic:  3/3        EV: 14    Int:  9    God:
Gold:   50         SH:  0    Dex: 16    Spells: 2/2 levels left

rFire   . . .      SeeInvis .    a - +0 long sword
rCold   . . .      Faith    .    (no shield)
rNeg    . . .      Spirit   .    b - +0 leather armour
rPois   .          Reflect  .    c - +0 helmet
rElec   .          Harm     .    (no cloak)
rCorr   .          Rampage  .    (no gloves)
Will    .....                    (no boots)
Stlth   +                        (no amulet)
HPRegen 0.24/turn                (no ring)
MPRegen 0.16/turn                (no ring)

@: no status effects
A: repulsion field 1, magic regeneration
a: no special abilities


You were on level 1 of the Dungeon.
You visited 1 branch of the dungeon, and saw 2 of its levels.

You collected 50 gold pieces.

Inventory:

Hand Weapons
 a - a +0 long sword (weapon)
Missiles
 d - 3 throwing nets (quivered)
 e - a javelin
Armour
 b - a +0 leather armour (worn)
 c - a +0 helmet (worn)
Scrolls
 h - a scroll of teleportation {unknown}
 j - a scroll of identify {unknown}
Potions
 g - a potion of attraction {unknown}
 i - a potion of lignification {unknown}


   Skills:
 + Level 2.5 Fighting
 + Level 3.2 Long Blades
 + Level 1.7 Throwing
 + Level 0.5 Armour
 + Level 2.9 Dodging


You had 2 spell levels left.
You didn't know any spells.
Your spell library contained the following spells:

 Spells                   Type           Power      Damage    Failure   Level
 Dazzling Flash           Conj/Hex       0%         N/A       83%         3
 Iskenderun's Mystic Bla  Conj/Tloc      0%         2d3       99%         4
 Starburst                Conj/Fire      0%         6d3       100%        6


Dungeon Overview and Level Annotations

Branches:
Dungeon (2/15)

Altars:

Shops:
D:1 *


Innate Abilities, Weirdness & Mutations

You are surrounded by a mild repulsion field. (EV +2)
You regenerate magic rapidly.


Message History

You climb downwards.
The hobgoblin closely misses you. The hobgoblin hits you.
There is a stone staircase leading up, spattered with blood here.
A hobgoblin is nearby!
You slash the hobgoblin!
You kill the hobgoblin!
No target in view!
HP restored.
A gnoll comes into view. It is wielding a +0 flail.
A gnoll comes into view. It is wielding a +0 halberd.
The gnoll shouts! x2
There are monsters nearby!
There are monsters nearby!
A gnoll comes into view. It is wielding a +0 flail.
The gnoll shouts!
You closely miss the gnoll. The gnoll completely misses you.
The gnoll hits you from afar with a +0 halberd!
The gnoll attacks as you move away! The gnoll closely misses you.
The gnoll attacks as you move away! The gnoll misses you.
There is a stone staircase leading up, spattered with blood here.
The gnoll misses you.
You climb upwards.
There is a stone staircase leading down, spattered with blood here.
You hit the gnoll.
The gnoll is heavily wounded.
The gnoll hits you with a +0 flail.
You barely miss the gnoll.
The gnoll is heavily wounded.
The gnoll hits you with a +0 flail!
* * * LOW HITPOINT WARNING * * *
The gnoll misses you.
You are too injured to fight recklessly!
You are too injured to fight recklessly!
You are too injured to fight recklessly!
You closely miss the gnoll.
The gnoll is heavily wounded.
The gnoll closely misses you.
You barely miss the gnoll.
The gnoll is heavily wounded.
The gnoll hits you with a +0 flail!
You die...

....###### ##########
.........######........#
..#...........#........#
..#.....#####..........#########
..#.....# ###........##......#
..#.....# #........##......#
..#.....#######........##......#
..#............)g.......#.)....#
..#.....######.†@..............#
..#.....## #.#....#####......#
..#####..# ###....# #......#
....####.# #.....# #......#
.#...# #.# #.#...# #......#
.#.#.###.# #.#.#.# ###.####
.#.#.(.#.## #(..#.# #..#
.#.###....## #...#.# #.##
...#.......# #...#.# #.#


You could see a gnoll.

Vanquished Creatures
  A gnoll (D:1)
  2 giant cockroaches (D:1)
  A goblin (D:1)
  4 hobgoblins
  4 jackals (D:1)
  2 kobolds (D:1)
  A quokka (D:1)
  A ball python (D:1)
  3 bats (D:1)
  A frilled lizard (D:1)
  3 rats (D:1)
23 creatures vanquished.

Notes
Turn   | Place    | Note
-------+----------+-------------------------------------------
     0 | D:1      | Adrian566 the Demonspawn Gladiator began the quest for the
                  | Orb.
     0 | D:1      | Reached XP level 1. HP: 16/16 MP: 1/1
   194 | D:1      | Gained mutation: You are surrounded by a mild repulsion
                  | field. (EV +2) [demonic ancestry]
   194 | D:1      | Reached XP level 2. HP: 22/22 MP: 2/2
   201 | D:1      | Reached skill level 3 in Long Blades
   463 | D:1      | Found Gitrus's General Store.
   559 | D:1      | Gained mutation: You regenerate magic rapidly. [demonic
                  | ancestry]
   559 | D:1      | Reached XP level 3. HP: 13/28 MP: 3/3
   661 | D:1      | Slain by a gnoll

Illustrated notes

Levels and vault maps discovered:
D:1:      amcnicky_arrival_blooded_trapdoor, layout_rooms, serial_shops,
          nicolae_square_shop
D:2:      layout_loops_corners

Skill      XL: |  1  2 |
---------------+-------+-----
Long Blades    | 3 |  3.2
Fighting       | |  2.5
Throwing       | |  1.7
Armour         | |  0.5
Dodging        | |  2.9

Action                   || total
-------------------------++-------
Melee: Long sword        ||   104
  Use: Potion            ||     1
Armor: Leather armour    ||    46
Dodge: Dodged            ||   117

Table legend: (Time is in decaauts)
 A = Elapsed time spent in this place.
 B = Non-inter-level travel time spent in this place.
 C = Inter-level travel time spent in this place.
 D = Time resting spent in this place.
 E = Time spent auto-exploring this place.
 F = Levels seen in this place.
 G = Mean time per level.
                   A        B        C        D        E       F      G
               +--------+--------+--------+--------+--------+-----+--------+
         Total |    689 |    684 |      5 |      0 |    464 |   2 |  344.5 |
       Dungeon |    689 |    684 |      5 |      0 |    464 |   2 |  344.5 |
               +--------+--------+--------+--------+--------+-----+--------+

Top non-repeatable levels by time:
     D:1: 660 daAuts
     D:2: 29 daAuts
